 Dungeon Crawl Stone Soup version 0.22-a0-293-gc9362ec (webtiles) character file.

245 matakusis the Caller (level 5, 0/28 HPs)
             Began as a Deep Elf Summoner on Mar 24, 2018.
             Slain by a phantom (8 damage)
             ... on level 4 of the Dungeon.
             The game lasted 00:17:28 (3097 turns).

matakusis the Caller (Deep Elf Summoner)            Turns: 3097, Time: 00:17:29

Health: 0/28       AC:  3    Str:  5    XL:     5   Next: 83%
Magic:  2/14       EV: 13    Int: 21    God:
Gold:   239        SH:  0    Dex: 15    Spells: 3/14 levels left

rFire    + . .     SeeInvis .   f - +0 dagger (venom)
rCold    + . .     Gourm    .   (no shield)
rNeg     . . .     Faith    .   a - +0 robe
rPois    .         Spirit   .   k - +0 helmet
rElec    +         Reflect  .   (no cloak)
rCorr    .         Harm     .   (no gloves)
MR       .....     Clarity  +   (no boots)
Stlth    ++........             (no amulet)
HPRegen  0.09/turn              h - ring of protection from cold
MPRegen  0.14/turn              u - ring of protection from fire

@: no status effects
A: clarity, mutation resistance 1, electricity resistance
a: no special abilities


You were on level 4 of the Dungeon.
You were not hungry.

You visited 1 branch of the dungeon, and saw 4 of its levels.

You collected 239 gold pieces.

Inventory:

Hand Weapons
 e - a +1 falchion of holy wrath
 f - a +0 dagger of venom (weapon)
 g - a +2 dagger of draining
Missiles
 l - 23 arrows
Armour
 a - a +0 robe (worn)
 k - a +0 helmet (worn)
Jewellery
 h - a ring of protection from cold (left hand)
 u - a ring of protection from fire (right hand)
 y - an uncursed ring of ice
Wands
 q - a wand of flame (36)
Scrolls
 d - a scroll of immolation
 o - a scroll of fog
 r - a scroll of fear
 t - a scroll of magic mapping
 x - a scroll of enchant weapon
Potions
 b - a potion of lignification
 i - 2 potions of curing
 j - a potion of magic
 m - 2 potions of invisibility
 n - a potion of haste
 p - a potion of flight
 v - a potion of berserk rage {unknown}
 z - a potion of might {unknown}
Comestibles
 c - 8 rations
 s - 5 chunks of flesh


   Skills:
 - Level 2.4 Dodging
 - Level 2.4 Stealth
 + Level 5.0 Spellcasting
 * Level 7.0 Summonings


You had 3 spell levels left.
You knew the following spells:

 Your Spells              Type           Power        Failure   Level  Hunger
a - Summon Small Mammal   Summ           ####         1%          1    None
b - Call Imp              Summ           #####...     1%          2    None
c - Summon Ice Beast      Ice/Summ       ###.....     26%         4    ####...
d - Summon Lightning Spi  Summ/Air       ###.....     24%         4    ####...


Dungeon Overview and Level Annotations

Branches:
Dungeon (4/15)
 Temple: D:4-7

Altars:
Cheibriados
Dithmenos
Fedhas
Nemelex Xobeh
Okawaru
Ru

Shops:
D:4 ?


Innate Abilities, Weirdness & Mutations

You possess an exceptional clarity of mind.
You are somewhat resistant to further mutation.
You are resistant to electric shocks. (rElec)


Message History

Confirm with . or Enter, or press ? or * to list all spells.
A chill wind blows around you.
The phantom blinks!
Your lightning spire shoots out a bolt of lightning at the phantom!
The bolt of electricity hits the phantom.
Unknown command.
The phantom hits you!
Unknown command.
Your ice beast hits the phantom but does no damage.
Unknown command.
The phantom hits you.
* * * LOW HITPOINT WARNING * * *
Your crimson imp barely misses the phantom.
Your crimson imp completely misses the phantom.
Unknown command.
Your ice beast barely misses the phantom.
Your crimson imp misses the phantom.
Unknown command.
Your ice beast hits the phantom.
Your ice beast freezes the phantom.
The phantom resists.
The phantom hits you!
You die...

################# #
#.....!.@....... #
#......WY....... #
#......55....... #
##.#####.###.#### #
#......85.#....#####
#
#.#####.#?.........#
# #.#.##...###.# ###
#...##.#####.# ...
..$.>##.......#


You could see a phantom, a friendly ice beast, a friendly lightning spire and 3
friendly crimson imps.

Vanquished Creatures
  A bat (D:2)
1 creature vanquished.

Vanquished Creatures (collateral kills)
  An ogre (D:4)
  4 orc priests (D:4)
  2 orc wizards (D:4)
  An iguana (D:4)
  A worker ant (D:4)
  A hound zombie (D:4)
  3 adders
  A gnoll (D:1)
  4 worms
  A dart slug (D:1)
  4 leopard geckos
  5 orcs
  2 ball pythons (D:3)
  7 giant cockroaches
  8 goblins
  7 hobgoblins
  9 jackals
  4 bats
  6 frilled lizards
  A giant cockroach zombie (D:4)
  5 kobolds
  6 rats
83 creatures vanquished.

Vanquished Creatures (others)
  4 toadstools (D:1)
4 creatures vanquished.

Grand Total: 88 creatures vanquished

Notes
Turn   | Place    | Note
-------+----------+-------------------------------------------
     0 | D:1      | matakusis the Deep Elf Summoner began the quest for the Orb.
     0 | D:1      | Reached XP level 1. HP: 10/10 MP: 6/6
   109 | D:1      | Reached XP level 2. HP: 13/15 MP: 1/8
   146 | D:1      | Learned a level 2 spell: Call Imp
   168 | D:1      | Reached skill level 5 in Summonings
   551 | D:1      | Reached XP level 3. HP: 19/19 MP: 6/9
   661 | D:1      | Gained mutation: You possess an exceptional clarity of mind. [potion of mutation]
   661 | D:1      | Gained mutation: You are somewhat resistant to further mutation. [potion of mutation]
   661 | D:1      | Gained mutation: You are resistant to electric shocks. (rElec) [potion of mutation]
  1046 | D:2      | Found a sparkling altar of Nemelex Xobeh.
  1504 | D:2      | Found a blossoming altar of Fedhas.
  1895 | D:3      | Found a shadowy altar of Dithmenos.
  2136 | D:3      | Found an iron altar of Okawaru.
  2359 | D:4      | Reached XP level 4. HP: 20/24 MP: 5/11
  2368 | D:4      | Learned a level 4 spell: Summon Ice Beast
  2369 | D:4      | Found Vas Oxky's Magic Scroll Shoppe.
  2444 | D:4      | Reached skill level 6 in Summonings
  2558 | D:4      | Found a snail-covered altar of Cheibriados.
  2559 | D:4      | Found a sacrificial altar of Ru.
  2591 | D:4      | Learned a level 4 spell: Summon Lightning Spire
  2671 | D:4      | Reached XP level 5. HP: 28/28 MP: 5/13
  2954 | D:4      | Noticed an ogre
  2959 | D:4      | Killed an ogre
  2987 | D:4      | Reached skill level 7 in Summonings
  3011 | D:4      | Reached skill level 5 in Spellcasting
  3077 | D:4      | Noticed a phantom
  3097 | D:4      | Slain by a phantom

Vault maps used:
D:1:      ldierk_walled_garden_2, minmay_heptomino_w4
D:2:      nemelex_xobeh_ov_fountains_minmay, fedhas_altar_fruit_tree
D:3:      nicolae_dithmenos_through_a_glass_darkly, okawaru_gym_becter
D:4:      gammafunk_temple_overflow_statue, serial_shops, shop

Skill      XL: |  1  2  3  4  5 |
---------------+----------------+-----
Summonings     | 5 6 7 |  7.0
Spellcasting   | 4 5 |  5.0
Dodging        | |  2.4
Stealth        | |  2.4

Action                   |  1- 3 |  4- 6 || total
-------------------------+-------+-------++-------
Melee: Dagger            |     4 |       ||     4
 Cast: Summon Small Mamm |    15 |       ||    15
       Call Imp          |    49 |    24 ||    73
       Summon Ice Beast  |       |     2 ||     2
       Summon Lightning  |       |     2 ||     2
  Use: Potion            |     3 |     1 ||     4
       Scroll            |    13 |     1 ||    14
  Eat: Chunk             |     6 |     3 ||     9
Armor: Robe              |    17 |       ||    17
Dodge: Dodged            |    55 |     3 ||    58

Table legend:
 A = Spawn XP
 B = Non-spawn XP
 C = Spawn XP percentage of total XP
 D = Spawn monster count
 E = Non-spawn monster count
 F = Spawn count percentage of total count
 G = Total turns spent on level
                    A         B        C        D         E        F      G
               +---------+---------+-------+---------+---------+-------+---------
         Total |       0 |     350 |   0.0 |       0 |      84 |   0.0 |  3097
               +---------+---------+-------+---------+---------+-------+---------
           D:1 |       0 |      46 |   0.0 |       0 |      36 |   0.0 |   691
           D:2 |       0 |      24 |   0.0 |       0 |       8 |   0.0 |   869
           D:3 |       0 |      25 |   0.0 |       0 |      21 |   0.0 |   789
           D:4 |       0 |     255 |   0.0 |       0 |      19 |   0.0 |   748
               +---------+---------+-------+---------+---------+-------+---------
